 Dungeon Crawl Stone Soup version 0.18.1-50-g88ac8fd (console) character file.

310 Homage the Chopper (level 6, -1/51 HPs)
             Began as a Ghoul Fighter on Oct 6, 2016.
             Was an Initiate of Okawaru.
             Killed from afar by an orc wizard (8 damage)
             ... with a magic dart
             ... on level 3 of the Dungeon.
             The game lasted 00:06:58 (2701 turns).

Homage the Chopper (Ghoul Fighter)                  Turns: 2701, Time: 00:06:58

Health: -1/51      AC: 11    Str: 20    XL:     6   Next: 41%
Magic:  5/5        EV:  3    Int:  3    God:    Okawaru [......]
Gold:   235        SH:  8    Dex: 10    Spells: 0 memorised, 5 levels left

rFire  . . .     SeeInvis .     a - +0 war axe
rCold  + . .     Gourm    .     l - +0 plate armour
rNeg   + + +     Faith    .     c - +0 shield
rPois  ∞         Spirit   .     (no helmet)
rElec  .         Dismiss  .     (no cloak)
rCorr  .         Reflect  .     (no gloves)
SustAt .         Harm     .     (no boots)
MR     .....                    (no amulet)
Stlth  ..........               (no ring)
                                (no ring)

@: rotting, slowed, very slow, not resistant to hostile enchantments, extremely
unstealthy
A: rotting body, claws 1, carnivore 3, cold resistance 1, negative energy
resistance 3, slow regeneration 1, torment resistance, unbreathing
a: Renounce Religion


You were on level 3 of the Dungeon.
You worshipped Okawaru.
Okawaru was noncommittal.
You were not hungry.

You visited 1 branch of the dungeon, and saw 3 of its levels.

You collected 235 gold pieces.


Innate Abilities, Weirdness & Mutations

Your body is rotting away.
You thrive on raw meat.
You are immune to poison.
You have sharp fingernails.
You are carnivorous and can eat meat at any time.
Your flesh is cold resistant.
You are immune to negative energy.
You regenerate slowly when monsters are visible.
You are immune to unholy pain and torment.
You can survive without breathing.


   Skills:
 - Level 3.2 Fighting
 - Level 6.0 Axes
 - Level 2.6 Armour
 + Level 2.6 Shields


You had 5 spell levels left.
You didn't know any spells.

Inventory:

Hand Weapons
 a - a +0 war axe (weapon)
Armour
 c - a +0 shield (worn)
 l - a +0 plate armour (worn)
Scrolls
 b - a scroll of enchant weapon {unknown}
 k - a scroll of remove curse
 n - a scroll of fog
 o - a scroll of teleportation {unknown}
 p - a scroll of blinking {unknown}
Potions
 d - a potion of might
 e - 2 potions of agility
 h - a potion of haste {unknown}
 i - 3 potions of curing
 j - a potion of resistance {unknown}
 q - a potion of berserk rage {unknown}
Comestibles
 f - a meat ration
 g - 3 beef jerkies


Message History

The orc wizard hits you with a dagger.
* * * LOW HITPOINT WARNING * * *
Axes reached 6.
Currently training: Shields(2.6).
Choose a target skill level:
Things that are here:
a dagger; a robe The orc wizard hits you but does no damage.
Your plate armour prevents you from hitting the orc wizard.
The orc wizard is heavily wounded.
The orc wizard hits you with a dagger.
* * * LOW HITPOINT WARNING * * *
The orc wizard hits you but does no damage.
You block the orc wizard's attack.
The orc wizard hits you but does no damage.
You block the orc wizard's attack.
The orc wizard hits you but does no damage.
The orc wizard points at you and mumbles some strange words.
The magic dart hits you!
You die...

###)########## #.# #.#....#
#.# #.#....####### #..
#.#>.........# ###
#.##.........# #
#.##.........# #
#..'.........# #
#######.........# #
#.).oo@.........# #
#.######'####'### # #.#
#.####.# # #.# #......# #
#.# ###....#########
#####'### #...))........
#....)..# #....#########
#.......######........#
#.......##...+..[..##.#####


You could see an orc wizard and an orc.

Vanquished Creatures
  The ghost of poi2000 the Sneak, a weakling SpAs of Fedhas (D:3)
  An orc priest (D:3)
  3 orc wizards (D:3)
  A hound zombie (D:3)
  A hound skeleton (D:3)
  5 adders
  An ooze (D:3)
  2 worms (D:3)
  4 dart slugs
  2 giant geckos
  6 orcs (D:3)
  6 bats
  A giant cockroach (D:1)
  7 goblins
  5 hobgoblins
  8 jackals
  12 kobolds
  A quokka (D:3)
  3 ball pythons
  2 giant newts
  4 rats
  A fungus (D:2)
77 creatures vanquished.

Notes
Turn   | Place    | Note
--------------------------------------------------------------
     0 | D:1      | Homage the Ghoul Fighter began the quest for the Orb.
     0 | D:1      | Reached XP level 1. HP: 19/19 MP: 0/0
    47 | D:1      | Reached skill level 2 in Axes
   171 | D:1      | Reached XP level 2. HP: 19/26 MP: 1/1
   285 | D:1      | Reached skill level 3 in Axes
   444 | D:1      | Reached XP level 3. HP: 23/31 MP: 2/2
  1112 | D:2      | Reached XP level 4. HP: 30/38 MP: 3/3
  1592 | D:3      | Reached skill level 4 in Axes
  1611 | D:3      | Noticed poi2000's ghost (weakling SpAs)
  1637 | D:3      | Killed poi2000's ghost
  1654 | D:3      | Reached XP level 5. HP: 32/45 MP: 4/4
  2023 | D:3      | Reached skill level 5 in Axes
  2034 | D:3      | Reached XP level 6. HP: 40/51 MP: 5/5
  2398 | D:3      | Found an iron altar of Okawaru.
  2398 | D:3      | Found a shattered altar of Ashenzari.
  2401 | D:3      | Became a worshipper of Warmaster Okawaru
  2683 | D:3      | HP: 7/49 [orc/flail (3)]
  2693 | D:3      | HP: 7/51 [orc wizard/dagger (2)]
  2695 | D:3      | Reached skill level 6 in Axes
  2698 | D:3      | HP: 7/51 [orc wizard/dagger (1)]
  2701 | D:3      | Killed from afar by an orc wizard

Vault maps used:
D:1:      sevenhm_arrival_forest_fort_large_4
D:2:      first_bread, minmay_gold_behind_fungi
D:3:      gammafunk_temple_overflow_elements, serial_glass, glass_columns_a,
          glass_columns_a

Action                   |  1- 3 |  4- 6 || total
-------------------------+-------+-------++-------
Melee: War axe           |   117 |   196 ||   313
  Use: Scroll            |     2 |     2 ||     4
       Potion            |       |     2 ||     2
  Eat: Chunk             |     4 |     8 ||    12
Armor: Scale mail        |    65 |     1 ||    66
       Plate armour      |       |   177 ||   177
Dodge: Dodged            |    48 |    28 ||    76
Block: Shield            |    68 |   116 ||   184
